 Dungeon Crawl Stone Soup version 0.29.1-2-gbd0b4ee654 (webtiles) character file.

Game seed: 8956404476274764916

2661 qeuew the Ruffian (level 9, -1/81 (88) HPs)
             Began as a Troll Gladiator on Nov 7, 2022.
             Was a High Priest of Uskayaw.
             Slain by a wight
             ... wielding a +0 spear
              (5 damage)
             ... on level 7 of the Dungeon.
             The game lasted 00:11:24 (4193 turns).

qeuew the Ruffian (Troll Gladiator)                 Turns: 4193, Time: 00:11:24

HP:   -1/81 (88)    AC:  5    Str: 30    XL:     9   Next: 36%
MP:   8/8           EV: 11    Int:  3    God:    Uskayaw [*****.]
Gold: 187           SH:  0    Dex: 12    Spells: 8/8 levels left

rFire   . . .      SeeInvis .     - Unarmed
rCold   + . .      Faith    .   (no shield)
rNeg    . . .      Spirit   .   a - +1 robe
rPois   .          Reflect  .   b - +0 hat
rElec   .          Harm     .   (no cloak)
rCorr   +          Rampage  .   (gloves unavailable)
Will    +....                   (boots unavailable)
Stlth   +.........              o - amulet of regeneration
HPRegen 1.83/turn               m - ring of resist corrosion
MPRegen 0.11/turn               t - ring of protection from cold

@: hasted, drained, very quick
A: large, unfitting armour, claws 3, regeneration 1, shaggy fur 1, tough skin 1,
strong-willed 1, strong 1
a: Renounce Religion, Stomp, Line Pass, Grand Finale


You were on level 7 of the Dungeon.
You worshipped Uskayaw.
Uskayaw was noncommittal.
You visited 2 branches of the dungeon, and saw 8 of its levels.

You collected 187 gold pieces.

Inventory:

Missiles
 c - 2 throwing nets (quivered)
 d - a large rock
Armour
 a - a +1 robe (worn)
 b - a +0 hat (worn)
Jewellery
 m - a ring of resist corrosion (left claw)
 o - an amulet of regeneration (around neck)
 s - a ring of ice
 t - a ring of protection from cold (right claw)
Wands
 g - a wand of iceblast (10)
Scrolls
 i - a scroll of identify
 j - a scroll of fear
 k - a scroll of teleportation
 q - a scroll of magic mapping
 r - a scroll of acquirement
Potions
 e - 2 potions of flight
 f - 3 potions of curing
 l - a potion of resistance
 n - 2 potions of brilliance
 p - a potion of degeneration {unknown}


   Skills:
 + Level 5.1 Fighting
 + Level 5.6 Throwing
 + Level 3.8 Armour
 + Level 5.5 Dodging
 + Level 6.6 Unarmed Combat


You had 8 spell levels left.
You didn't know any spells.
Your spell library contained the following spells:

 Spells                   Type           Power      Damage    Failure   Level
 Necrotise                Necr           0%         1d4       52%         1
 Slow                     Hex            0%         N/A       52%         1
 Ensorcelled Hibernation  Hex/Ice        0%         N/A       67%         2
 Confusing Touch          Hex            0%         N/A       88%         3
 Dazzling Flash           Conj/Hex       0%         N/A       88%         3
 Spider Form              Tmut/Pois      0%         N/A       88%         3
 Vampiric Draining        Necr           0%         2d6       88%         3
 Anguish                  Hex/Necr       0%         N/A       99%         4
 Iskenderun's Mystic Bla  Conj/Tloc      0%         2d3       99%         4
 Agony                    Necr           0%         N/A       100%        5
 Starburst                Conj/Fire      0%         6d3       100%        6


Dungeon Overview and Level Annotations

Branches:
Dungeon (7/15)             Temple (1/1) D:7

Altars:
Cheibriados
Dithmenos
Elyvilon
Fedhas
Hepliaklqana
Kikubaaqudgha
Okawaru
Qazlal
Uskayaw
Vehumet
Wu Jian
Xom
Yredelemnul
Zin
The Shining One

Shops:
D:4 ?


Innate Abilities, Weirdness & Mutations

You are too large for most types of armour.
You have claws for hands.
Your natural rate of healing is unusually fast.
You are covered in fur. (AC +1)
You have tough skin. (AC +1)
You are strong-willed. (Will+)
Your muscles are strong. (Str +4, Int/Dex -1)


Message History

You are engulfed in a cloud of scalding steam.
* * * LOW HITPOINT WARNING * * *
You feel yourself speed up.
You are engulfed in a cloud of scalding steam.
* * * LOW HITPOINT WARNING * * *
The steam dragon bites you.
* * * LOW HITPOINT WARNING * * *
The steam dragon barely misses you.
The wight is engulfed in a cloud of scalding steam.
You can no longer merge with and destroy a victim.
The wight is engulfed in a cloud of scalding steam.
You scratch the wight.
The wight is almost destroyed.
You barely miss the wight.
The wight is almost destroyed.
The wight hits you with a +0 scimitar.
* * * LOW HITPOINT WARNING * * *
You feel drained.
* * * LOW HITPOINT WARNING * * *
You feel better. The wight hits you with a +0 scimitar!
* * * LOW HITPOINT WARNING * * *
You feel drained.
* * * LOW HITPOINT WARNING * * *
You claw the wight!
You destroy the wight!
You can now merge with and destroy a victim.
The wight closely misses you. The steam dragon breathes steam at you.
The ball of steam hits you!
* * * LOW HITPOINT WARNING * * *
Things that are here:
a +0 scimitar; a +0 robe You feel better.
You are engulfed in a cloud of scalding steam.
* * * LOW HITPOINT WARNING * * *
You completely miss the steam dragon.
You are engulfed in a cloud of scalding steam.
* * * LOW HITPOINT WARNING * * *
The wight hits you from afar with a +0 spear.
You die...

##################
.................#
################.#
#§# #§# #@# ##
#########D# ...
......z§>z# ###
#.####.##.# ...
.... #...# ......
...#. .........
#.###. ........# .
# .#######.#


You could see a steam dragon and a wight.

Vanquished Creatures
  Pikel (D:6)
  An ice beast (D:7)
  An orc warrior (D:6)
  A black bear (D:5)
  An ogre (D:6)
  A centaur (D:6)
  A lemure (D:6)
  2 phantoms
  3 bullfrogs
  2 scorpions (D:7)
  9 wights
  A howler monkey (D:6)
  2 hounds
  3 jellies
  A gnoll bouda (D:7)
  2 orc priests
  Crazy Yiuf (D:3)
  8 iguanas
  2 orc wizards
  Ijyb (D:4)
  Natasha (twice) (D:2)
  8 gnolls
  6 adders
  2 shadow imps
  A white imp (D:6)
  A worm (D:3)
  2 dart slugs (D:3)
  15 orcs
  6 ball pythons
  7 endoplasms
  12 giant cockroaches
  8 goblins
  7 hobgoblins
  5 jackals
  7 bats
  4 frilled lizards (D:1)
  6 kobolds
  10 rats
153 creatures vanquished.

Vanquished Creatures (others)
  2 fungi (D:3)
2 creatures vanquished.

Grand Total: 155 creatures vanquished

Notes
Turn   | Place    | Note
-------+----------+-------------------------------------------
     0 | D:1      | qeuew the Troll Gladiator began the quest for the Orb.
     0 | D:1      | Reached XP level 1. HP: 19/19 MP: 0/0
   192 | D:1      | Reached XP level 2. HP: 28/28 MP: 1/1
   426 | D:1      | Reached XP level 3. HP: 35/35 MP: 2/2
   437 | D:1      | You fall into a shaft and drop 1 floor!
  1030 | D:2      | Noticed Natasha
  1039 | D:2      | Killed Natasha
  1040 | D:2      | Reached XP level 4. HP: 31/42 MP: 3/3
  1379 | D:2      | Noticed Natasha
  1382 | D:2      | Killed Natasha
  1554 | D:2      | Found a faded altar of an unknown god.
  1786 | D:3      | Reached XP level 5. HP: 49/50 MP: 4/4
  1846 | D:3      | Reached skill level 4 in Unarmed Combat
  2169 | D:3      | Found a runed translucent door.
  2170 | D:3      | Noticed Crazy Yiuf
  2178 | D:3      | Killed Crazy Yiuf
  2251 | D:4      | Reached XP level 6. HP: 57/59 MP: 5/5
  2281 | D:4      | Found Lupeny's Magic Scroll Shop.
  2524 | D:4      | Noticed Ijyb
  2535 | D:4      | Killed Ijyb
  2642 | D:5      | Entered Level 5 of the Dungeon
  2718 | D:5      | Reached XP level 7. HP: 45/67 MP: 6/6
  2867 | D:5      | Reached skill level 1 in Armour
  3074 | D:5      | Gained mutation: You are strong-willed. (Will+) [potion of
                  | mutation]
  3074 | D:5      | Gained mutation: Your muscles are strong. (Str +4, Int/Dex
                  | -1) [potion of mutation]
  3180 | D:6      | Reached skill level 5 in Unarmed Combat
  3438 | D:6      | Reached XP level 8. HP: 25/78 MP: 7/7
  3681 | D:6      | Identified a scroll of acquirement
  3735 | D:7      | HP: 3/74 [wight/+1 trident of freezing (1)]
  3735 | D:7      | HP: 1/74 [wight/+1 trident of freezing (2)]
  3845 | D:7      | Noticed Pikel
  3920 | D:6      | Killed Pikel
  3921 | D:6      | Reached skill level 5 in Throwing
  3921 | D:6      | Reached skill level 5 in Dodging
  3921 | D:6      | Reached skill level 6 in Unarmed Combat
  3937 | D:7      | Reached XP level 9. HP: 85/85 MP: 8/8
  3943 | D:7      | Found a staircase to the Ecumenical Temple.
  3964 | Temple   | Entered the Ecumenical Temple
  3995 | Temple   | Became a worshipper of Uskayaw the Reveller
  4033 | D:7      | Reached * piety under Uskayaw
  4036 | D:7      | Reached ** piety under Uskayaw
  4162 | D:7      | Reached skill level 5 in Fighting
  4164 | D:7      | Reached *** piety under Uskayaw
  4168 | D:7      | Reached **** piety under Uskayaw
  4176 | D:7      | Reached ***** piety under Uskayaw
  4193 | D:7      | HP: 3/81 [steam dragon] (5)]
  4193 | D:7      | Slain by a wight

Illustrated notes

Levels and vault maps discovered:
D:1:      dpeg_arrival_castle, layout_loops_cross
D:2:      layout_basic, shapermc_ecumenical_altar_mp_urbaneastern, uniq_natasha
D:3:      minmay_roachtagon, layout_rooms, uniq_crazy_yiuf_cottage
D:4:      layout_rooms, serial_shops, shop, minmay_misc_feat_room, uniq_ijyb
D:5:      layout_rooms, minmay_misc_feat_five
D:6:      layout_gridville
D:7:      layout_basic, temple_fountains, gammafunk_ghost_icy, uniq_pikel
Temple:   compressed_dpeg_triangle_lava_temple

Skill      XL: |  1  2  3  4  5  6  7  8  9 |
---------------+----------------------------+-----
Throwing       | 2 3 4 5 |  5.6
Fighting       | 2 3 4 5 |  5.1
Dodging        | 3 4 5 |  5.5
Unarmed Combat | 4 5 6 |  6.6
Armour         | 2 3 |  3.8

Action                   |  1- 3 |  4- 6 |  7- 9 || total
-------------------------+-------+-------+-------++-------
Melee: Unarmed           |    82 |   193 |   163 ||   438
       Punch             |     2 |     7 |     6 ||    15
Throw: Throwing net      |       |       |     1 ||     1
  Use: Scroll            |     6 |     6 |     7 ||    19
       Potion            |       |       |     8 ||     8
 Stab: Sleeping          |       |     1 |     1 ||     2
       Held in net/web   |       |       |     1 ||     1
       Paralysed         |       |       |     3 ||     3
Armor: Robe              |    43 |    56 |    24 ||   123
Dodge: Dodged            |    39 |    74 |    80 ||   193
Block: Other             |     2 |    38 |       ||    40
